 Dungeon Crawl Stone Soup version 0.30.0-15-g856e2d3f33 (webtiles) character file.

Game seed: 6347160655131549345

15 SnakkuSnakku7 the Vexing (level 2, 0/24 HPs)
             Began as a Ghoul Hexslinger on May 19, 2023.
             Slain by a worm (3 damage)
             ... on level 1 of the Dungeon.
             The game lasted 00:01:06 (624 turns).

SnakkuSnakku7 the Vexing (Ghoul Hexslinger)          Turns: 624, Time: 00:01:07

Health: 0/24       AC:  6    Str: 13    XL:     2   Next: 50%
Magic:  2/2        EV: 10    Int:  8    God:
Gold:   66         SH:  0    Dex:  9    Spells: 2/3 levels left

rFire   . .          .
                       - Unarmed
rCold   + . .        (no shield)
rNeg    + + +        l - +0 ring mail
rPois   ∞            j - +0 helmet
rElec   .            (no cloak)
rCorr   .            (no gloves)
SInv    .            (no boots)
Will    .....        (no amulet) Stlth
                     (no ring)
HPRegen 0.00/turn    (no ring)
MPRegen 0.08/turn

%: no passive effects
@: inhibited regen
A: claws 1, cold resistance 1, negative energy resistance 3, inhibited
regeneration, torment resistance 2, devour on kill
a: no special abilities


You were on level 1 of the Dungeon.
You visited 1 branch of the dungeon, and saw 2 of its levels.

You collected 66 gold pieces.

Inventory:

Hand Weapons
 a - a +1 sling
Missiles
 k - a throwing net
Armour
 c - a +0 robe
 j - a +0 helmet (worn)
 l - a +0 ring mail (worn)
Jewellery
 g - a ring of fire
Scrolls
 b - a scroll of poison
 e - a scroll of enchant armour {unknown}
 f - a scroll of identify {unknown}
 h - a scroll of vulnerability {unknown}
Potions
 d - a potion of haste {unknown}
 i - a potion of degeneration {unknown}
 m - a potion of curing {unknown}


   Skills:
 + Level 2.0 Fighting
 - Level 1.7 Ranged Weapons
 - Level 1.7 Dodging
 + Level 1.4 Unarmed Combat
 - Level 1.0 Spellcasting
 - Level 2.4 Hexes


You had 2 spell levels left.
You knew the following spells:

 Your Spells              Type           Power      Damage    Failure   Level
a - Slow                  Hex            16%        N/A       32%         1

Your spell library contained the following spells:

 Spells                   Type           Power      Damage    Failure   Level
 Blink                    Tloc           0%         N/A       78%         2
 Lesser Beckoning         Tloc           0%         N/A       78%         2
 Momentum Strike          Conj/Tloc      0%         3d8       78%         2
 Dazzling Flash           Conj/Hex       4%         N/A       85%         3
 Inner Flame              Hex/Fire       2%         N/A       85%         3
 Portal Projectile        Hex/Tloc       4%         N/A       85%         3
 Volatile Blastmotes      Fire/Tloc      0%         2d10      95%         3
 Cause Fear               Hex            2%         N/A       97%         4
 Iskenderun's Mystic Bla  Conj/Tloc      0%         2d3       100%        4
 Starburst                Conj/Fire      0%         6d3       100%        6


Dungeon Overview and Level Annotations

Branches:
Dungeon (2/15)

Altars:

Annotations:
D:2 Jessica


Innate Abilities, Weirdness & Mutations

You are immune to poison.
You have sharp fingernails.
Your flesh is cold resistant. (rC+)
You are immune to negative energy. (rN+++)
You do not regenerate when monsters are visible.
You are immune to unholy pain and torment.
You thrive by killing the living.


Message History

The worm is heavily wounded.
You scratch the worm.
The worm is severely wounded.
The worm bites you.
You scratch the worm.
The worm is severely wounded.
You scratch the worm but do no damage.
The worm is severely wounded.
The worm bites you.
You scratch the worm but do no damage.
The worm is severely wounded.
The worm bites you.
You barely miss the worm.
The worm is heavily wounded.
You scratch the worm.
The worm is severely wounded.
The worm bites you.
You are too injured to fight recklessly!
You are too injured to fight recklessly!
You are too injured to fight recklessly!
You scratch the worm but do no damage.
The worm is severely wounded.
You scratch the worm.
The worm is almost dead.
The worm bites you.
* * * LOW HITPOINT WARNING * * *
You scratch the worm but do no damage.
The worm is severely wounded.
The worm barely misses you.
You barely miss the worm.
The worm is severely wounded.
You scratch the worm.
The worm is almost dead.
The worm barely misses you.
You barely miss the worm.
The worm is almost dead.
You scratch the worm but do no damage.
The worm is almost dead.
The worm bites you.
You die...

#####......................##
......########.....##.......#
########### #.###..#.......#
#.†...####.####.....>...#
#.###...##.##.....).....# #.#
###.##.##.#.........#
#.#####.......#.........####
#####........#.#w########......#
......######...†@# #......#
#####.# #......### #......#
.####.###################......#
..##..##≈§§≈≈§§≈§§§§≈≈≈#.......#
.......#§≈≈≈≈...§§≈§≈≈≈##......#
#....#.#§§....~~§.§§.≈≈##......#
#......#≈.§.~~~.~~§...≈#.......#
....#..#§..~~..<.~~~......#.####
..##...#≈...~~~.~~~...≈##.#.#


You could see a worm.

Vanquished Creatures
  A worm (D:1)
  3 endoplasms
  A giant cockroach (D:2)
  2 goblins (D:1)
  A bat (D:2)
  2 kobolds (D:1)
  A rat (D:1)
11 creatures vanquished.

Notes
Turn   | Place    | Note
-------+----------+-------------------------------------------
     0 | D:1      | SnakkuSnakku7 the Ghoul Hexslinger began the quest for the
                  | Orb.
     0 | D:1      | Reached XP level 1. HP: 16/16 MP: 1/1
   324 | D:1      | Reached skill level 1 in Unarmed Combat
   324 | D:1      | Reached XP level 2. HP: 16/24 MP: 2/2
   562 | D:2      | Noticed Jessica
   624 | D:1      | Slain by a worm

Illustrated notes

Levels and vault maps discovered:
D:1:      dpeg_arrival_shrine, layout_rooms, minmay_misc_feat_square,
          nicolae_wormholes
D:2:      layout_loops_ring, dreamdust_ecumenical_altar_angels_and_demons,
          serial_shops, shop, uniq_jessica

Skill      XL: |  1  2 |
---------------+-------+-----
Unarmed Combat | 1 |  1.4
Fighting       | 2 |  2.0
Ranged Weapons | |  1.7
Dodging        | |  1.7
Spellcasting   | |  1.0
Hexes          | |  2.4

Action                     || total
---------------------------++-------
  Melee: Unarmed           ||    30
   Fire: Sling             ||    53
 Armour: Robe              ||     3
         Ring mail         ||     5
  Dodge: Dodged            ||    25
